 Dungeon Crawl Stone Soup version 0.26-a0-639-g72c4674329 (webtiles) character file.

Game seed: 17444084339340527451

93 Lanoc the Skirmisher (level 4, -4/61 HPs)
             Began as a Draconian Delver on Sept 19, 2020.
             Was an Initiate of Dithmenos.
             Slain by an ogre
             ... wielding a +0 giant club
              (12 damage)
             ... on level 5 of the Dungeon.
             The game lasted 00:03:10 (669 turns).

Lanoc the Skirmisher (Draconian Delver)              Turns: 669, Time: 00:03:11

Health: -4/61      AC: 22    Str: 14    XL:     4   Next: 37%
Magic:  4/4        EV:  2    Int: 10    God:    Dithmenos [......]
Gold:   7          SH:  0    Dex: 14    Spells: 3/3 levels left

rFire    . . .     SeeInvis .   a - +0 falchion
rCold    . . .     Faith    .   (no shield)
rNeg     + + +     Spirit   .   (armour unavailable)
rPois    +         Reflect  .   (helmet currently unavailable)
rElec    .         Harm     .   (cloak currently unavailable)
rCorr    .         Rampage  .   (gloves currently unavailable)
MR       .....     NoTele   +   (boots currently unavailable)
Stlth    +++.......             (no amulet)
HPRegen  0.20/turn              (no ring)
MPRegen  0.09/turn              (no ring)

@: tree-form
A: unfitting armour, AC +5
a: Renounce Religion


You were on level 5 of the Dungeon.
You worshipped Dithmenos.
Dithmenos was noncommittal.
You were a tree.
You visited 1 branch of the dungeon, and saw 1 of its levels.

You collected 7 gold pieces.

Inventory:

Hand Weapons
 a - a +0 falchion (weapon)
Wands
 f - a wand of digging (3)
Scrolls
 b - a scroll of fog
 c - a scroll of magic mapping
 h - a scroll of remove curse {unknown}


   Skills:
 + Level 4.6 Fighting
 - Level 2.0 Long Blades
 + Level 3.2 Dodging
 - Level 4.5 Stealth


You had 3 spell levels left.
You didn't know any spells.
Your spell library was empty.

Dungeon Overview and Level Annotations

Branches:
Dungeon (5/15)
 Temple: D:4-7

Altars:
Dithmenos
Gozag
Kikubaaqudgha
Sif Muna
Xom


Innate Abilities, Weirdness & Mutations

((Your plain brown scales are hard. (AC +5)))
You cannot fit into any form of body armour.
((You are cold-blooded and may be slowed by cold attacks.))


Message History

You hit the ogre.
The ogre is moderately wounded.
The ogre hits you with a +0 giant club.
* * * LOW HITPOINT WARNING * * *
The gnoll hits you but does no damage.
You hit the ogre.
The ogre is moderately wounded.
The ogre hits you but does no damage. The gnoll hits you but does no damage.
You barely miss the ogre.
The ogre is moderately wounded.
The ogre hits you with a +0 giant club.
* * * LOW HITPOINT WARNING * * *
The gnoll hits you but does no damage.
You hit the ogre but do no damage.
The ogre is moderately wounded.
The ogre hits you but does no damage. The gnoll hits you but does no damage.
You hit the ogre.
The ogre is heavily wounded.
The ogre hits you with a +0 giant club!
You die...

### ####
###########.# ...
#.....g?....#
##.##g#########.####
#..♣O.# #.........
#..#### #.#.......
#.. #.#.#a## #..
#)#.#... #.#
#.#.#.#.## #.
#.#.#.#>.. #.
#.#.#..... #.
#.........
#..#.#.#.#


You could see an ogre and a gnoll.

Vanquished Creatures
  A hound (D:5)
  2 worker ants (D:5)
  A gnoll (D:5)
  An adder skeleton (D:5)
  An orc (D:5)
  A bat zombie (D:5)
  A jackal skeleton (D:5)
8 creatures vanquished.

Notes
Turn   | Place    | Note
-------+----------+-------------------------------------------
     0 | D:5      | Lanoc the Draconian Delver began the quest for the Orb.
     0 | D:5      | Reached XP level 1. HP: 19/19 MP: 1/1
    14 | D:5      | Noticed a worker ant
    29 | D:5      | Found a shadowy altar of Dithmenos.
    33 | D:5      | Became a worshipper of Dithmenos the Shadowed
    55 | D:5      | Noticed a hound
    70 | D:5      | Killed a hound
    70 | D:5      | Reached XP level 2. HP: 16/27 MP: 2/2
   216 | D:5      | Reached XP level 3. HP: 33/33 MP: 3/3
   218 | D:5      | Found an ancient bone altar of Kikubaaqudgha.
   263 | D:5      | Found an opulent altar of Gozag.
   354 | D:5      | Noticed an ogre
   460 | D:5      | Noticed a centaur
   514 | D:5      | Found a shimmering altar of Xom.
   514 | D:5      | Found a shimmering blue altar of Sif Muna.
   636 | D:5      | Reached XP level 4. HP: 38/41 MP: 4/4
   669 | D:5      | Slain by an ogre

Illustrated notes

Levels and vault maps discovered:
D:5:      layout_basic, grunt_gozag_breadcrumbs, lemuel_doored_altar,
          gammafunk_temple_overflow_pools, lemuel_zombie_altar_kikubaaqudgha,
          serial_glass, glass_columns_c, glass_columns_c, minmay_splitting_lines

Skill      XL: |  1  2  3 |
---------------+----------+-----
Fighting       | 4 |  4.6
Dodging        | 2 3 |  3.2
Long Blades    | |  2.0
Stealth        | |  4.5

Action                   |  1- 3 |  4- 6 || total
-------------------------+-------+-------++-------
Melee: Falchion          |    36 |    24 ||    60
       Tailslap          |     4 |       ||     4
  Use: Potion            |     2 |     2 ||     4
       Scroll            |     1 |       ||     1
 Stab: Sleeping          |     2 |       ||     2
       Distracted        |     1 |       ||     1
Armor: Skin              |    22 |    36 ||    58
Dodge: Dodged            |    26 |     3 ||    29
       Rpst.: Falchion   |    10 |     1 ||    11

Table legend: (Time is in decaauts)
 A = Elapsed time spent in this place.
 B = Non-inter-level travel time spent in this place.
 C = Inter-level travel time spent in this place.
 D = Time resting spent in this place.
 E = Time spent auto-exploring this place.
 F = Levels seen in this place.
 G = Mean time per level.
                   A        B        C        D        E       F      G
               +--------+--------+--------+--------+--------+-----+--------+
         Total |    661 |    661 |      0 |    147 |     97 |   1 |  661.0 |
       Dungeon |    661 |    661 |      0 |    147 |     97 |   1 |  661.0 |
               +--------+--------+--------+--------+--------+-----+--------+

Top non-repeatable levels by time:
     D:5: 661 daAuts
